 Dungeon Crawl Stone Soup version 0.28-b1-70-g80dc712255 (webtiles) character file.

Game seed: 8486093474015948289

279508 Minsecho the Executioner (level 19, -1/183 HPs)
             Began as a Minotaur Fighter on Feb 3, 2022.
             Was the Champion of Okawaru.
             Killed from afar by a hell hog (42 damage)
             ... with a fireball
             ... on level 4 of the Abyss.
             The game lasted 01:45:00 (36403 turns).

Minsecho the Executioner (Minotaur Fighter)        Turns: 36403, Time: 01:45:00

Health: -1/183     AC: 21    Str: 27    XL:     19   Next: 66%
Magic:  22/22      EV: 19    Int:  5    God:    Okawaru [******]
Gold:   1459       SH: 21    Dex: 23    Spells: 18/18 levels left

rFire   . . .      SeeInvis .   L - +6 war axe (vamp)
rCold   . . .      Faith    .   K - +5 kite shield {reflect}
rNeg    . . .      Spirit   .   I - +4 scale mail of Pan-Flutes {Regen+ Str+3 Dex+2}
rPois   +          Reflect  +   G - +0 hat
rElec   +          Harm     .   Q - +0 cloak of Shadows and Fog {Drain rElec Dex+6}
rCorr   .          Rampage  .   (no gloves)
Will    ++...                   M - +2 pair of boots {Fly}
Stlth   +++.......              O - amulet of regeneration
HPRegen 0.00/turn               o - ring of willpower
MPRegen 0.18/turn               A - ring of poison resistance

@: heroic, flying, inhibited regen, studying Slings
A: horns 2, retaliatory headbutt, MP-powered wands, [low MP 2], [inhibited
regeneration]
}: 2/15 runes: serpentine, barnacled
a: Renounce Religion, Heroism, Finesse, Duel


You were on level 4 of the Abyss.
You worshipped Okawaru.
Okawaru was exalted by your worship.
You visited 7 branches of the dungeon, and saw 33 of its levels.
You visited the Abyss 1 time.
You also visited: Gauntlet and Ice Cave.

You collected 2705 gold pieces.
You spent 1246 gold pieces at shops.

Inventory:

Hand Weapons
 J - a +2 broad axe of flaming
 L - a +6 vampiric war axe (weapon)
 N - the +11 executioner's axe "Beetleslayer" {freeze, rElec}
   (You bought it in a shop on level 6 of the Dungeon)

   It freezes those it strikes, dealing additional cold damage.
   It can also slow down cold-blooded creatures.
   rElec:     It insulates you from electricity.
Missiles
 S - 6 throwing nets (quivered)
Armour
 v - a +0 plate armour of willpower
 G - a +0 hat (worn)
 I - the +4 scale mail of Pan-Flutes (worn) {Regen+ Str+3 Dex+2}
   (Okawaru gifted it to you on level 4 of the Snake Pit)

   Str:       It affects your strength (+3).
   Dex:       It affects your dexterity (+2).
   Regen:     It increases your rate of health regeneration.
 K - a +5 kite shield of reflection (worn)
 M - a +2 pair of boots of flying (worn)
 Q - the +0 cloak of Shadows and Fog (worn) {Drain rElec Dex+6}
   (You found it in a Gauntlet)

   Dex:       It affects your dexterity (+6).
   rElec:     It insulates you from electricity.
   Drain:     It drains your maximum health when unequipped.
Jewellery
 g - a +4 ring of evasion
 o - a ring of willpower (left hand)
 t - a ring of resist corrosion
 A - a ring of poison resistance (right hand)
 B - a ring of protection from cold
 O - an amulet of regeneration (around neck)
 P - a +4 ring of protection
 R - a ring of ice
 U - a ring of positive energy
 Z - a +6 ring of strength
Wands
 a - a wand of polymorph (12)
 s - a wand of paralysis (4)
 y - a wand of mindburst (24)
 F - a wand of digging (18)
 H - a wand of iceblast (35)
 V - a wand of flame (30)
 W - a wand of acid (5)
Scrolls
 b - 5 scrolls of magic mapping
 e - 7 scrolls of fear
 f - 13 scrolls of teleportation
 k - 2 scrolls of immolation
 l - 2 scrolls of enchant armour
 n - a scroll of blinking
 r - 2 scrolls of holy word
 D - 4 scrolls of fog
 E - 6 scrolls of identify
 X - a scroll of amnesia
 Y - 7 scrolls of silence
Potions
 d - 5 potions of lignification
 h - 2 potions of berserk rage
 i - a potion of might
 m - 5 potions of brilliance
 p - 8 potions of attraction
 q - 6 potions of curing
 u - 3 potions of heal wounds
 w - 2 potions of haste
 x - 3 potions of resistance
 z - 3 potions of ambrosia
 C - 3 potions of invisibility
 T - a potion of mutation
Miscellaneous
 c - a lightning rod (4/4)
 j - a phial of floods


   Skills:
 + Level 19.4(24.4) Fighting
 + Level 25.0(27) Axes
 + Level 16.7(21.7) Armour
 + Level 6.8(11.8) Dodging
 - Level 2.1(7.1) Stealth
 + Level 11.6(16.6) Shields
 + Level 14.5 Invocations
 + Level 1.5 Evocations


You had 18 spell levels left.
You didn't know any spells.
Your spell library contained the following spells:

 Spells                   Type           Power      Damage    Failure   Level
 Magic Dart               Conj           0%         1d3       80%         1
 Slow                     Hex            0%         N/A       80%         1
 Sting                    Tmut/Pois      0%         1d3       80%         1
 Poisonous Vapours        Pois/Air       0%         N/A       90%         2
 Searing Ray              Conj           0%         2d4       90%         2
 Confusing Touch          Hex            0%         N/A       99%         3
 Mephitic Cloud           Conj/Pois/Air  0%         N/A       99%         3
 Portal Projectile        Hex/Tloc       0%         N/A       99%         3
 Vampiric Draining        Necr           0%         2d6       99%         3
 Fulminant Prism          Conj/Hex       0%         3d6       100%        4
 Hailstorm                Conj/Ice       0%         3d3       100%        4
 Ice Form                 Ice/Tmut       0%         N/A       100%        4
 Leda's Liquefaction      Hex/Erth       0%         N/A       100%        4
 Olgreb's Toxic Radiance  Pois           0%         N/A       100%        4
 Borgnjor's Vile Clutch   Necr/Erth      0%         N/A       100%        5
 Conjure Ball Lightning   Conj/Air       0%         3x3d6     100%        6
 Dispersal                Tloc           0%         N/A       100%        6
 Orb of Destruction       Conj           0%         9d5       100%        7
 Discord                  Hex            0%         N/A       100%        8
 Disjunction              Tloc           0%         N/A       100%        8
 Call Imp                 Summ           Unusable   N/A       N/A         2
 Call Canine Familiar     Summ           Unusable   N/A       N/A         3
 Summon Guardian Golem    Hex/Summ       Unusable   N/A       N/A         3
 Animate Dead             Necr           Unusable   N/A       N/A         4
 Death Channel            Necr           Unusable   N/A       N/A         6
 Simulacrum               Ice/Necr       Unusable   N/A       N/A         6
 Spellforged Servitor     Conj/Summ      Unusable   N/A       N/A         7

Dungeon Overview and Level Annotations

Branches:
Dungeon (15/15)            Temple (1/1) D:4            Lair (6/6) D:9
 Shoals (4/4) Lair:2        Snake (4/4) Lair:3        Slime (0/5) Lair:5
    Orc (2/2) D:12            Elf (0/3) Orc:2        Vaults (1/5) D:14
 Depths (0/4) D:15          IceCv (visited)         Gauntlet (visited)

Altars:
Ashenzari
Cheibriados
Dithmenos
Elyvilon
Fedhas
Gozag
Hepliaklqana
Kikubaaqudgha
Makhleb
Nemelex Xobeh
Okawaru
Qazlal
Ru
Sif Muna
Trog
Uskayaw
Vehumet
Wu Jian
Xom
Yredelemnul
Zin
The Shining One
Jiyva

Shops:
D:6 (   Orc:1 [([(   Orc:2 ((=:   Shoals:1 !   Shoals:4 **=   Snake:1 (

Annotations:
D:14 Roxanne
Shoals:4 3 runed translucent doors, exclusion: obsidian statue, snackwell's ghost, journeyman DsCK


Innate Abilities, Weirdness & Mutations

You have a pair of horns on your head.
You reflexively headbutt those who attack you in melee.
You expend magic power (3 MP) to strengthen your wands.
[Your magical capacity is very low. (-20% MP)]
[You do not regenerate when monsters are visible.]


Message History

You hit the wretched star.
You headbutt the wretched star, but do no damage.
The wretched star is severely damaged.
You hit the starcursed mass. x2; You closely miss the hell hog.
The starcursed mass shudders and withdraws towards its neighbour.
You block the hell hog's attack. You block the starcursed mass's attack.
The wretched star glows turbulently.
The lance of force hits you!
* * * LOW HITPOINT WARNING * * *
You are knocked back by the lance of force.
You slam into the stone wall!
* * * LOW HITPOINT WARNING * * *
Unknown command.
You slash the hell hog!
You kill the hell hog!
That felt strangely unrewarding.
You slice the wretched star!!
You destroy the wretched star!
That felt strangely unrewarding.
You slash the starcursed mass! You hit the starcursed mass.
The starcursed mass shudders and withdraws towards its neighbour. x2
You carve the starcursed mass like a ham!!!
You destroy the starcursed mass!
That felt strangely unrewarding.
You slice the starcursed mass!!
The starcursed mass shudders and withdraws towards its neighbour.
Unknown command.
A starcursed mass splits.
You hit the starcursed mass.
You destroy the starcursed mass!
That felt strangely unrewarding.
Unknown command.
You slice the hell hog!! Your headbutt misses the hell hog.
The hell hog is moderately wounded.
The hell hog misses you. You furiously retaliate!
You headbutt the hell hog!
A hell hog comes into view.
The hell hog squeals angrily.
You slice the hell hog!!
The hell hog is almost dead.
The hell hog breathes fire at you.
The fireball explodes!
The fireball engulfs you!!!
You die...

..##..#.... #
*.....#..... .##
v.......... ...#
..##..#...##...#
.................#
..............#
#...##..#
..##...#†.# .
.._.X..h@.# .
...X..†#..#
#..##..##..# # .
.#.. #..# ...
.......## .......
...# .h##. .#..#
..... .#..# .. .
...#


You could see 2 starcursed masses and 2 hell hogs.

Vanquished Creatures
  Vashnia (Snake:2)
  Nikola (Snake:4)
  Mlioglotl (Shoals:1)
  Rupert (D:14)
  Asterion (Snake:1)
  A kraken (Shoals:1)
  Kirke (Lair:5)
  Ilsuiw (Shoals:2)
  7 nagarajas
  2 frost giants (Shoals:2)
  Louise (Shoals:1)
  A juggernaut zombie (D:15)
  A minotaur (Gauntlet)
  A blizzard demon (Gauntlet)
  Snorg (Lair:3)
  9 merfolk impalers
  Josephine (D:10)
  3 merfolk javelineers (Shoals:4)
  7 hydras
  4 boulder beetles
  16 naga warriors
  An ogre mage (D:15)
  A salamander tyrant (Snake:4)
  2 ironbound frosthearts (Vaults:1)
  2 catoblepae
  A rakshasa (Abyss:3)
  2 alligators (Shoals:4)
  10 two-headed ogres
  14 anacondas
  A satyr (Shoals:2)
  6 merfolk avatars
  6 merfolk aquamancers
  3 centaur warriors
  9 shock serpents
  3 death yaks (Lair:5)
  2 alligator snapping turtles
  4 hell hogs (Abyss:4)
  2 tengu warriors
  20 naga sharpshooters
  2 thrashing horrors (Abyss:3)
  A storm dragon zombie (D:15)
  2 wretched stars
  A sixfirhy (Abyss:3)
  2 skeletal warriors (D:15)
  A spatial maelstrom (Abyss:4)
  2 salamander mystics (Snake:3)
  12 sea snakes
  3 goliath frogs
  A flayed ghost (D:15)
  5 naga ritualists
  2 kraken simulacra
  An obsidian statue (Gauntlet)
  11 harpies
  2 orc knights
  An ironbound convoker (Vaults:1)
  3 necromancers
  5 deep elf pyromancers
  12 mana vipers
  8 manticores
  An orc sorcerer (Orc:1)
  16 fauns
  17 salamanders
  A tengu skeleton (D:15)
  7 cyclopes
  8 ugly things
  A rust devil (Gauntlet)
  11 guardian serpents (Snake:4)
  9 merfolk sirens
  11 elephants (Lair:6)
  32 black mambas
  5 water nymphs
  17 naga magi
  An ice statue (IceCv)
  An apocalypse crab (Abyss:3)
  A vault sentinel (Vaults:1)
  A minotaur zombie (Gauntlet)
  2 smoke demons (Abyss:3)
  2 gargoyles (D:12)
  4 rime drakes
  2 unseen horrors
  30 cane toads
  An anaconda simulacrum (IceCv)
  12 komodo dragons
  An efreet (D:15)
  2 entropy weaver simulacra (IceCv)
  A yaktaur (D:15)
  An ancient zyme (Abyss:3)
  13 ice devils
  3 freezing wraiths (IceCv)
  A tengu conjurer (D:14)
  30 merfolk
  6 trolls
  3 tyrant leeches (Lair:6)
  A hornet (D:9)
  4 wind drakes (Shoals:4)
  9 slime creatures
  25 blink frogs
  7 dream sheep
  Prince Ribbit (D:7)
  9 snapping turtles
  A meliai zombie (D:11)
  A spriggan skeleton (D:15)
  A spriggan (D:8)
  2 starcursed masses (Abyss:4)
  Sigmund (D:4)
  4 dire elephant simulacra (IceCv)
  3 shadows
  A ynoxinul (Gauntlet)
  12 water elementals
  A wyvern (shapeshifter) (Gauntlet)
  2 vampires
  3 wraiths (D:10)
  8 wyverns
  3 hogs (Lair:5)
  7 death yak simulacra
  56 yaks
  2 wargs
  3 basilisks
  11 vampire mosquitoes
  3 alligator snapping turtle simulacra (Shoals:2)
  A sea snake simulacrum (Shoals:2)
  3 small abominations (Abyss:3)
  5 harpy simulacra
  An acid dragon (D:10)
  41 nagas
  A spatial vortex (Abyss:4)
  2 swamp worms (Gauntlet)
  A hydra simulacrum (Abyss:3)
  18 water moccasins
  37 orc warriors
  2 necrophages
  A sky beast (D:6)
  9 wolves (Lair:1)
  8 ogres
  3 black bears
  A satyr simulacrum (Shoals:2)
  3 boggarts (D:14)
  25 centaurs
  2 elf zombies (D:6)
  2 kobold brigands
  24 bullfrogs
  3 gnoll sergeants
  A two-headed ogre simulacrum (IceCv)
  6 cane toad simulacra (IceCv)
  2 merfolk simulacra (Shoals:2)
  3 scorpions
  A hornet simulacrum (D:15)
  2 manticore simulacra (Shoals:2)
  2 snapping turtle simulacra (Shoals:2)
  5 killer bees (D:10)
  3 vampire bats (Orc:2)
  4 elephant simulacra (IceCv)
  6 electric eels
  3 howler monkeys
  3 hounds
  7 centaur zombies
  A jelly (D:8)
  2 bullfrog skeletons
  20 orc priests
  4 cyclops simulacra (Shoals:2)
  A gnoll shaman (D:8)
  A human zombie (D:6)
  4 iron imps (Gauntlet)
  A human skeleton (D:6)
  3 iguanas
  14 orc wizards
  4 polar bear simulacra (IceCv)
  A troll simulacrum (IceCv)
  2 spriggan simulacra (IceCv)
  2 wolf simulacra (IceCv)
  A killer bee zombie (D:5)
  2 centaur simulacra (Shoals:2)
  A howler monkey zombie (D:9)
  22 gnolls
  A naga simulacrum (IceCv)
  5 adders
  2 shadow imps
  5 white imps
  2 ufetubi
  An adder skeleton (D:3)
  A worm (D:3)
  A dart slug (D:2)
  65 orcs
  5 ball pythons
  9 endoplasms
  A giant cockroach (D:2)
  16 hobgoblins
  3 jackals (D:4)
  12 kobolds
  2 quokkas
  12 bats
  A frilled lizard (D:2)
  14 goblins
  An orc skeleton (D:6)
  An orc zombie (D:6)
  4 rats
  4 tentacles
1158 creatures vanquished.

Vanquished Creatures (others)
  A manticore (Shoals:4)
  A spatial vortex (Abyss:4)
  An orc warrior (D:6)
  A kobold (D:6)
  4 foxfires (Abyss:3)
  77 fungi
  162 plants
  11 tentacles
  7 withered plants
265 creatures vanquished.

Grand Total: 1423 creatures vanquished

Notes
Turn   | Place    | Note
-------+----------+-------------------------------------------
     0 | D:1      | Minsecho the Minotaur Fighter began the quest for the Orb.
     0 | D:1      | Reached XP level 1. HP: 19/19 MP: 0/0
   285 | D:1      | Reached XP level 2. HP: 12/27 MP: 1/1
   968 | D:1      | Found a faded altar of an unknown god.
  1233 | D:2      | Reached skill level 3 in Axes
  1233 | D:2      | Reached XP level 3. HP: 21/33 MP: 2/2
  1388 | D:2      | Reached XP level 4. HP: 40/40 MP: 3/3
  2116 | D:3      | Found a glowing silver altar of Zin.
  2166 | D:3      | Reached skill level 4 in Axes
  2167 | D:3      | Reached skill level 5 in Armour
  2241 | D:3      | Reached XP level 5. HP: 47/47 MP: 4/4
  2241 | D:3      | Noticed an ogre
  2258 | D:3      | Killed an ogre
  2630 | D:3      | Reached skill level 5 in Axes
  2816 | D:4      | Found a staircase to the Ecumenical Temple.
  2816 | D:4      | Noticed an ogre
  2821 | D:4      | Killed an ogre
  2822 | D:4      | Reached XP level 6. HP: 55/55 MP: 5/5
  2827 | Temple   | Entered the Ecumenical Temple
  2885 | Temple   | Became a worshipper of Warmaster Okawaru
  3207 | D:4      | Reached skill level 5 in Fighting
  3387 | D:4      | Noticed Sigmund
  3404 | D:4      | Killed Sigmund
  3405 | D:4      | Reached skill level 6 in Axes
  3405 | D:4      | Reached skill level 1 in Dodging
  3405 | D:4      | Reached XP level 7. HP: 58/61 MP: 6/6
  3787 | D:5      | Entered Level 5 of the Dungeon
  4191 | D:5      | Reached skill level 7 in Axes
  4469 | D:6      | Reached * piety under Okawaru
  4497 | D:6      | Found Monyh's Antique Weapon Boutique.
  4521 | D:6      | Noticed a troll
  4526 | D:6      | Reached XP level 8. HP: 49/70 MP: 7/7
  4819 | D:6      | Found an ancient bone altar of Kikubaaqudgha.
  4830 | D:5      | Reached skill level 8 in Axes
  5330 | D:5      | Reached skill level 9 in Axes
  5338 | D:5      | Reached ** piety under Okawaru
  5345 | D:6      | Found a shimmering altar of Xom.
  5400 | D:6      | Reached XP level 9. HP: 26/78 MP: 8/8
  6048 | D:7      | Noticed Prince Ribbit
  6070 | D:7      | Killed Prince Ribbit
  6071 | D:7      | Reached skill level 10 in Axes
  6358 | D:8      | Noticed a two-headed ogre
  6945 | D:6      | Reached *** piety under Okawaru
  6946 | D:6      | Reached skill level 11 in Axes
  6946 | D:6      | Reached skill level 1 in Stealth
  7122 | D:6      | Killed a troll
  7123 | D:6      | Reached skill level 1 in Invocations
  7355 | D:6      | Found a shadowy altar of Dithmenos.
  7455 | D:6      | Found a blossoming altar of Fedhas.
  7570 | D:8      | Killed a two-headed ogre
  7571 | D:8      | Reached XP level 10. HP: 18/88 MP: 8/10
  7876 | D:8      | Found a hide-covered altar of Uskayaw.
  7965 | D:8      | Noticed a two-headed ogre
  7975 | D:8      | Killed a two-headed ogre
  7975 | D:8      | Reached **** piety under Okawaru
  7976 | D:8      | Reached skill level 12 in Axes
  9018 | D:9      | Noticed a two-headed ogre
  9120 | D:9      | Killed a two-headed ogre
  9297 | D:9      | Reached skill level 13 in Axes
  9474 | D:9      | Noticed a two-headed ogre
  9491 | D:9      | Killed a two-headed ogre
  9562 | D:9      | Reached skill level 10 in Armour
  9733 | D:9      | Found a staircase to the Lair.
 10107 | D:6      | Bought a slimy executioner's axe for 330 gold pieces
 10107 | D:6      | Identified the +11 executioner's axe "Beetleslayer"
                  | {freeze, rElec} (You bought it in a shop on level 6 of the
                  | Dungeon)
 10239 | D:9      | Found a sacrificial altar of Ru.
 10249 | D:9      | Reached XP level 11. HP: 97/97 MP: 13/13
 10255 | D:9      | Reached ***** piety under Okawaru
 10400 | D:9      | Found a large runed translucent door.
 10401 | D:9      | Found a large runed translucent door.
 10725 | D:9      | Found a broken altar of Ashenzari.
 10736 | D:9      | Found a sparkling altar of Nemelex Xobeh.
 10754 | D:10     | Entered Level 10 of the Dungeon
 10757 | D:10     | Noticed Josephine
 10762 | D:10     | Killed Josephine
 10763 | D:10     | Reached skill level 5 in Invocations
 10767 | D:10     | Reached skill level 14 in Axes
 11443 | D:10     | Found a burning altar of Makhleb.
 11516 | D:10     | Reached skill level 10 in Fighting
 12213 | D:11     | Found a gate leading to a gauntlet.
 12233 | Gauntlet | Entered a Gauntlet
 12233 | Gauntlet | Found a transporter.
 12240 | Gauntlet | Found a transporter.
 12243 | Gauntlet | Found a transporter.
 12244 | Gauntlet | Found a transporter.
 12250 | Gauntlet | Found a runed translucent gate.
 12250 | Gauntlet | Found a runed translucent gate.
 12250 | Gauntlet | Found a runed translucent gate.
 12252 | Gauntlet | Found a transporter.
 12255 | Gauntlet | Found a transporter.
 12256 | Gauntlet | Found a transporter.
 12265 | Gauntlet | Found a transporter.
 12268 | Gauntlet | Found a transporter.
 12269 | Gauntlet | Found a transporter.
 12271 | Gauntlet | Noticed a blizzard demon
 12280 | Gauntlet | Found a transporter.
 12281 | Gauntlet | Found a transporter.
 12282 | Gauntlet | Found a transporter.
 12283 | Gauntlet | Noticed an obsidian statue
 12289 | Gauntlet | Found a transporter.
 12530 | Gauntlet | Killed a blizzard demon
 12530 | Gauntlet | Received a gift from Okawaru
 12531 | Gauntlet | Reached skill level 15 in Axes
 12537 | Gauntlet | Identified the +0 cloak of Shadows and Fog {Drain rElec
                  | Dex+6}
 12602 | Gauntlet | Killed an obsidian statue
 12674 | Gauntlet | Identified the +1 longbow "Oragguom" {freeze, Drain rC++
                  | rCorr Stlth+}
 12674 | Gauntlet | Noticed a minotaur
 12684 | Gauntlet | Killed a minotaur
 12783 | D:11     | Noticed a two-headed ogre
 12789 | D:11     | Killed a two-headed ogre
 12793 | D:11     | Reached XP level 12. HP: 86/108 MP: 13/15
 12876 | D:11     | Noticed a boulder beetle
 12882 | D:11     | Killed a boulder beetle
 13167 | D:11     | Noticed a two-headed ogre
 13172 | D:11     | Killed a two-headed ogre
 13173 | D:11     | Reached skill level 16 in Axes
 13755 | D:12     | Found a staircase to the Orcish Mines.
 13911 | D:12     | Identified the +2 troll leather armour of the Stonemason
                  | {Drain rF+ Regen+ rCorr Str+2} (Okawaru gifted it to you on
                  | level 12 of the Dungeon)
 13911 | D:12     | Received a gift from Okawaru
 14423 | D:13     | You are sucked into a shaft and drop 2 floors!
 14423 | D:15     | Entered Level 15 of the Dungeon
 14425 | D:15     | Found a staircase to the Depths.
 14664 | D:15     | Reached skill level 17 in Axes
 14746 | D:15     | Noticed a centaur warrior
 14752 | D:15     | Killed a centaur warrior
 14778 | D:15     | Noticed a centaur warrior
 14792 | D:15     | Killed a centaur warrior
 14857 | D:15     | Noticed an ogre mage
 14858 | D:15     | Noticed a two-headed ogre
 14862 | D:15     | Noticed a two-headed ogre
 14865 | D:15     | Killed an ogre mage
 14867 | D:15     | Killed a two-headed ogre
 14873 | D:15     | Killed a two-headed ogre
 14874 | D:15     | Reached XP level 13. HP: 103/116 MP: 16/18
 15012 | D:15     | Reached ****** piety under Okawaru
 15336 | D:15     | Identified the +0 kite shield of the Amoeba {rPois Regen+
                  | Int-3 Slay+5} (Okawaru gifted it to you on level 15 of the
                  | Dungeon)
 15336 | D:15     | Received a gift from Okawaru
 15337 | D:15     | Reached skill level 18 in Axes
 16718 | D:14     | Reached skill level 19 in Axes
 16799 | D:14     | Found a gate to the Vaults.
 16882 | D:14     | Noticed Rupert
 17028 | Lair:1   | Entered Level 1 of the Lair of Beasts
 17444 | Lair:1   | Found a frozen archway.
 17448 | Lair:1   | Received a gift from Okawaru
 17466 | IceCv    | Entered an ice cave
 17567 | IceCv    | Reached XP level 14. HP: 92/127 MP: 20/20
 17713 | IceCv    | Found an ancient bone altar of Kikubaaqudgha.
 17762 | IceCv    | Reached skill level 10 in Invocations
 19262 | Lair:2   | Reached skill level 20 in Axes
 19421 | Lair:2   | Found a staircase to the Shoals.
 19940 | Lair:3   | Noticed Snorg
 19951 | Lair:3   | Killed Snorg
 19967 | Lair:3   | Identified the +1 robe of Byatuch {rCorr} (Okawaru gifted
                  | it to you on level 3 of the Lair of Beasts)
 19967 | Lair:3   | Received a gift from Okawaru
 20056 | Lair:3   | Found a staircase to the Snake Pit.
 20412 | Lair:3   | Identified the +0 robe "Wujeib" {+Inv Will+ Int-2}
 21465 | Lair:5   | Noticed Kirke
 21477 | Lair:5   | Killed Kirke
 21507 | Lair:5   | Found a staircase to the Slime Pits.
 21507 | Lair:5   | Found a viscous altar of Jiyva.
 21870 | Lair:5   | Reached skill level 21 in Axes
 21870 | Lair:5   | Reached XP level 15. HP: 128/138 MP: 22/22
 22002 | Lair:5   | Identified the +0 cloak of the Other World {rN+ Will-
                  | Int+5} (Okawaru gifted it to you on level 5 of the Lair of
                  | Beasts)
 22002 | Lair:5   | Received a gift from Okawaru
 22266 | Lair:6   | Entered Level 6 of the Lair of Beasts
 22732 | Lair:6   | Identified the +5 glaive of Destiny {venom, MP+9}
 22963 | Lair:6   | Identified a scroll of acquirement
 22967 | Lair:6   | Acquired a +0 kite shield of reflection
 23012 | Lair:6   | Identified the +4 mace "Yniehy" {vorpal, rN+ rCorr Dex-3}
 23015 | Lair:6   | Identified the +6 scimitar of Zosyedeb {drain, rPois rN++
                  | MP+9 Str-5}
 23101 | Lair:6   | Reached skill level 15 in Fighting
 23145 | Lair:6   | Received a gift from Okawaru
 23628 | D:14     | Killed Rupert
 23762 | D:14     | Reached skill level 22 in Axes
 23880 | D:14     | Identified Roxanne's Compendium of Stones
 23880 | D:14     | Noticed Roxanne
 24502 | Orc:1    | Entered Level 1 of the Orcish Mines
 24505 | Orc:1    | Found Faqav's Antique Armour Shop.
 24526 | Orc:1    | Found Kiphyneg's Weapon Shop.
 24548 | Orc:1    | Found Furud's Antique Armour Shoppe.
 24563 | Orc:1    | Bought a spiked chain mail for 266 gold pieces
 24563 | Orc:1    | Identified the +5 chain mail of Yesterday {Will++ Str+2
                  | Dex-3 Stlth+} (You bought it in a shop on level 1 of the
                  | Orcish Mines)
 24573 | Orc:1    | Found Fetoapsa's Weapon Shoppe.
 24791 | Orc:2    | Entered Level 2 of the Orcish Mines
 24966 | Orc:2    | Found a staircase to the Elven Halls.
 25094 | Orc:2    | Found Bapaqony's Weapon Boutique.
 25094 | Orc:2    | Found Alest's Jewellery Emporium.
 25094 | Orc:2    | Found Fyxt's Book Shoppe.
 25099 | Orc:2    | Found Dimockeu's Antique Weapon Shop.
 25148 | Orc:2    | Received a gift from Okawaru
 25915 | Snake:1  | Entered Level 1 of the Snake Pit
 25944 | Snake:1  | Reached XP level 16. HP: 56/149 MP: 21/24
 26397 | Snake:1  | Found Rures's Firing Range.
 26598 | Snake:1  | Identified the +10 battleaxe "Loupneha" {freeze, rC+}
                  | (Okawaru gifted it to you on level 1 of the Snake Pit)
 26598 | Snake:1  | Received a gift from Okawaru
 26915 | Snake:2  | Noticed Asterion
 26948 | Snake:1  | Killed Asterion
 27029 | Snake:2  | Reached skill level 23 in Axes
 27113 | Snake:2  | Reached skill level 15 in Armour
 27434 | Snake:2  | Gained mutation: You expend magic power (3 MP) to
                  | strengthen your wands. [potion of mutation]
 27476 | Snake:2  | Noticed Vashnia
 27606 | Snake:2  | Identified the +1 plate armour of Pathos {Harm rPois Str-4}
                  | (Okawaru gifted it to you on level 2 of the Snake Pit)
 27606 | Snake:2  | Received a gift from Okawaru
 27756 | Snake:2  | Killed Vashnia
 27835 | Snake:2  | Identified the +0 scale mail of Grace {Str+4}
 28943 | Snake:3  | Reached skill level 5 in Shields
 29263 | Snake:3  | Reached XP level 17. HP: 139/160 MP: 26/26
 29728 | Snake:4  | Entered Level 4 of the Snake Pit
 29740 | Snake:4  | Noticed Nikola
 29760 | Snake:4  | Killed Nikola
 29952 | Snake:4  | Received a gift from Okawaru
 29991 | Snake:4  | Reached skill level 24 in Axes
 30096 | Snake:4  | Identified the +4 scale mail of Pan-Flutes {Regen+ Str+3
                  | Dex+2} (Okawaru gifted it to you on level 4 of the Snake
                  | Pit)
 30096 | Snake:4  | Received a gift from Okawaru
 30725 | Snake:4  | Got a serpentine rune of Zot
 31008 | Shoals:1 | Entered Level 1 of the Shoals
 31147 | Shoals:1 | Found Pecad's Distillery.
 31193 | Shoals:1 | Bought a potion of experience for 500 gold pieces
 31193 | Shoals:1 | Reached skill level 5 in Dodging
 31193 | Shoals:1 | Reached skill level 1 in Evocations
 31193 | Shoals:1 | Reached XP level 18. HP: 172/172 MP: 27/27
 31281 | Shoals:1 | Identified the +1 rapier "Concordance" {holy, Will+ Str-4
                  | Int+9 Dex-3}
 31281 | Shoals:1 | Noticed Mlioglotl
 31301 | Shoals:1 | Killed Mlioglotl
 31606 | Shoals:1 | Noticed Louise
 31628 | Shoals:1 | Killed Louise
 32078 | Shoals:2 | You are sucked into a shaft and drop 1 floor!
 32110 | Shoals:2 | Noticed Ilsuiw
 32130 | Shoals:2 | Reached XP level 19. HP: 128/180 MP: 28/28
 32180 | Shoals:2 | Killed Ilsuiw
 32491 | Shoals:2 | Received a gift from Okawaru
 32631 | Shoals:2 | Found a runed translucent gate.
 32631 | Shoals:2 | Found a runed translucent gate.
 32632 | Shoals:2 | Found a runed translucent gate.
 32729 | Shoals:2 | Identified the +5 scimitar "Qequeff" {vorpal, Int+3}
 33349 | Shoals:3 | Reached skill level 10 in Shields
 33881 | Shoals:4 | Entered Level 4 of the Shoals
 34124 | Shoals:4 | Received a gift from Okawaru
 34124 | Shoals:4 | Identified the ring of Midwinter {rF+ rN++ Dex+4}
 34164 | Shoals:4 | Found Jugho's General Store.
 34168 | Shoals:4 | Found Xotun's Specific Store.
 34181 | Shoals:4 | Bought a scroll of enchant weapon for 150 gold pieces
 34859 | Shoals:4 | Found Koppukk's Jewellery Emporium.
 34910 | Shoals:4 | Found a runed translucent gate.
 34910 | Shoals:4 | Found a runed translucent gate.
 34910 | Shoals:4 | Found a runed translucent gate.
 34912 | Shoals:4 | Noticed snackwell's ghost (journeyman DsCK)
 34957 | Shoals:4 | Got a barnacled rune of Zot
 35658 | Vaults:1 | Entered Level 1 of the Vaults
 35921 | Vaults:1 | Reached skill level 25 in Axes
 35996 | Vaults:1 | Cast into level 2 of the Abyss (a wizard)
 36315 | Abyss:4  | Found a corrupted altar of Lugonu.
 36403 | Abyss:4  | Killed from afar by a hell hog

Illustrated notes

Levels and vault maps discovered:
D:1:      dpeg_arrival_leaves_temple_mockup, layout_loops_ring,
          shapermc_ecumenical_altar_mp_urbaneastern
D:2:      layout_rooms, kennysheep_generic_room_2
D:3:      minmay_chambers_of_threes, layout_rooms, mainiacjoe_overflow_brackets,
          chequers_mini_garden
D:4:      layout_basic, minmay_temple_entry_butterflies, uniq_sigmund
D:5:      layout_cave_pools
D:6:      layout_basic, xom_confusion_cloud, kiku_gazebo_garden_becter,
          lemuel_doored_altar, lemuel_crystal_altar,
          nicolae_ossuary_entry_catacombs, serial_shops, kennysheep_mini_moat
D:7:      layout_rooms, uniq_prince_ribbit1
D:8:      kennysheep_spiral_hall, layout_basic,
          mainiacjoe_overflow_tiny_flanked, the_hattery
D:9:      layout_rooms, hangedman_ru_absence, jmf_multi_god_temple2,
          due_lair_maze_entry_diamond, chequers_serial_rivers_micro_a
D:10:     layout_stronghold, mainiacjoe_overflow_alcove_2, uniq_josephine
D:11:     layout_loops_corners, gauntlet_entry_generic
D:12:     layout_loops_ring, orc_0_dummy, roderic_lattice_a,
          minmay_misc_feat_four_crosses
D:13:     layout_cave_pools, serial_column_ruins, column_ruins_hut_ruined,
          column_ruins_hut, column_ruins_open_tiny, column_ruins_open_small,
          column_ruins_grid_3, column_ruins_grid_3, column_ruins_open_tiny
D:14:     layout_small_grid, david_vaults_1, special_room [special_room_orc],
          chequers_garden, uniq_roxanne, uniq_rupert
D:15:     gammafunk_depths_entry_grave, layout_basic, nicolae_figureground_pulse
Temple:   nicolae_temple_hex_pool
Lair:1:   layout_layer_cave, portal_ice_cave_demonic_guard, disabler_island
Lair:2:   layout_loops_ring, elwin_shoals_entry_rocks
Lair:3:   layout_gridlike, minmay_snake_entry_guardpost_medium,
          grunt_megastairs_4, uniq_snorg
Lair:4:   layout_roguey, grunt_megastairs_1, serial_bayou_shore_b
Lair:5:   layout_small_grid, slime_altar_1, uniq_kirke
Lair:6:   minmay_lair_end_frog_pond, layout_gridlike, serial_bayou_shore_b,
          lemuel_fruit_fields
Shoals:1: layout_shoals, serial_shops, shop_statue,
          nicolae_shoals_nautilus_by_nature, uniq_louise, uniq_mlioglotl
Shoals:2: layout_shoals, nicolae_shoals_beach_cooler, uniq_ilsuiw
Shoals:3: layout_shoals, nicolae_shoals_lost_giant_pillars
Shoals:4: shoals_end_grunt_ice, layout_shoals, ebering_ghost_gozag,
          nicolae_specific_store, minmay_shop_enchanted_jewellery,
          nicolae_shoals_goliath_grotto
Snake:1:  layout_onion_interference, nicolae_shop_firing_range
Snake:2:  layout_misc_corridors, guppyfry_snake_island, uniq_asterion,
          uniq_vashnia
Snake:3:  layout_honeycomb
Snake:4:  grunt_snake_rune_serpentine_throne, layout_misc_corridors,
          grunt_ministairs_12, uniq_nikola
Orc:1:    layout_diamond_mine, serial_shops, nicolae_shop_bloodbath_and_beyond,
          nicolae_shop_trees, nicolae_shop_advertising_works
          [nicolae_subvault_shop_adworks], shop
Orc:2:    st_orc_rangers, layout_caves, roderic_batcave
Vaults:1: hangedman_vaults_corner_blocks, ontoclasm_vaults_tryst,
          ontoclasm_vaults_chip, grunt_vaults_trifunnel, vaults_mumra_chevron,
          ontoclasm_vaults_fault, v_pattern_5, hangedman_vaults_slice,
          vaults_room_pools, ontoclasm_vaults_idyll, vaults_dpeg_ring,
          dpeg_vaults_monster_box, layout_vaults_big_room
Abyss:4:  base: D:4, gammafunk_abyss_rune_reverse_zot, bh_silent_lugonu_exit

Skill      XL: |  1  2  3  4  5  6  7  8  9 10 11 12 13 14 15 16 17 18 19 |
---------------+----------------------------------------------------------+-----
Fighting       | 4 5 6 7 9 10 11 12 14 15 16 18 19 | 19.4
Armour         | 4 5 6 7 8 9 10 11 12 13 14 15 16 | 16.7
Axes           | 3 4 5 6 7 9 11 13 15 17 19 21 22 23 24 25 | 25.0
Shields        | 4 5 7 9 11 | 11.6
Dodging        | 1 3 4 5 6 |  6.8
Stealth        | 1 2 |  2.1
Invocations    | 2 4 6 8 9 11 12 13 14 | 14.5
Evocations     | 1 |  1.5

Action                   |  1- 3 |  4- 6 |  7- 9 | 10-12 | 13-15 | 16-18 | 19-21 || total
-------------------------+-------+-------+-------+-------+-------+-------+-------++-------
Melee: War axe           |    54 |   121 |   217 |   142 |       |   584 |   583 ||  1701
       Headbutt          |     5 |    18 |    54 |    70 |   174 |   222 |   170 ||   713
       Executioner's axe |       |       |       |   223 |   839 |   215 |       ||  1277
       Broad axe         |       |       |       |       |       |    58 |    19 ||    77
Invok: Heroism           |       |       |     1 |     8 |     4 |     7 |     3 ||    23
       Finesse           |       |       |       |     2 |     2 |     6 |       ||    10
Evoke: Wand              |       |       |     3 |       |     4 |     1 |     1 ||     9
       Lightning rod     |       |       |       |       |       |     1 |       ||     1
  Use: Scroll            |       |     2 |     6 |     6 |    14 |    14 |     2 ||    44
       Potion            |       |     2 |     3 |     2 |     2 |     5 |     3 ||    17
 Stab: Distracted        |       |       |     1 |       |       |       |       ||     1
       Held in net/web   |       |       |       |       |       |       |     1 ||     1
Armor: Scale mail        |    23 |    42 |    65 |       |       |    77 |   178 ||   385
       Plate armour      |       |       |     8 |   214 |   461 |   230 |       ||   913
Dodge: Dodged            |    39 |    91 |   193 |   237 |   390 |   321 |   207 ||  1478
Block: Buckler           |    15 |    27 |    53 |    33 |       |       |       ||   128
       Kite shield       |       |       |       |       |       |   420 |   532 ||   952
       Reflection        |       |       |       |       |       |    47 |    40 ||    87
